 Dungeon Crawl Stone Soup version 0.32-a0-42-ga30500b4d3 (webtiles) character file.

Game seed: 14044694445343290222

137 roflturtle the Changeling (level 5, -6/41 HPs)
             Began as a Draconian Shapeshifter on Jan 31, 2024.
             Killed from afar by Ijyb (22 damage)
             ... with a bolt of acid
             ... on level 3 of the Dungeon.
             The game lasted 00:06:32 (1549 turns).

roflturtle the Changeling (Draconian Shapeshifter)  Turns: 1549, Time: 00:06:32

Health: -6/41      AC:  1    Str: 18    XL:     5   Next: 0%
Magic:  5/5        EV: 13    Int: 10    God:
Gold:   146        SH:  0    Dex: 23    Spells: 4/4 levels left

rFire   . .          .
                       - Unarmed
rCold   . . .        (no shield)
rNeg    . . .        (body armour unavailable)
rPois   .            (helmet currently unavailable)
rElec   .            (cloak currently unavailable)
rCorr   .            (gloves currently unavailable)
SInv    .            (boots currently unavailable)
Will    .....        (no amulet)
Stlth   ++           k - +6 ring of dexterity
HPRegen 0.26/turn    n - +6 ring of dexterity
MPRegen 0.09/turn

%: no passive effects
@: beast-form, corroded
A: beast (slay +2), AC +5, unfitting armour, cold-blooded
a: Begin Untransformation


You were on level 3 of the Dungeon.
You were a hulking beast.
You visited 1 branch of the dungeon, and saw 3 of its levels.

You collected 146 gold pieces.

Inventory:

Jewellery
 k - a +6 ring of dexterity (left hand)
 n - a +6 ring of dexterity (right hand)
Talismans
 b - a beast talisman
 c - a flux talisman
Wands
 l - a wand of polymorph (1)
Scrolls
 d - 2 scrolls of fog {unknown}
 e - a scroll of identify {unknown}
 f - a scroll of vulnerability {unknown}
 h - a scroll of poison {unknown}
 i - a scroll of teleportation {unknown}
Potions
 a - 2 potions of lignification
 g - 3 potions of curing {unknown}
 j - a potion of degeneration {unknown}
 m - 3 potions of heal wounds {unknown}


   Skills:
 - Level 2.0 Fighting
 - Level 2.0 Dodging
 - Level 3.1 Unarmed Combat
 + Level 4.9 Shapeshifting


You had 4 spell levels left.
You didn't know any spells.
Your spell library contained the following spells:

 Spells                   Type           Power      Damage    Failure   Level
 Shock                    Conj/Air       0%         1d3       36%         1
 Swiftness                Air            0%         N/A       75%         3
 Airstrike                Air            0%         2d(0-16)  98%         4


Dungeon Overview and Level Annotations

Branches:
Dungeon (3/15)

Altars:

Annotations:
D:3 Ijyb


Innate Abilities, Weirdness & Mutations

You are a hulking beast.
Your limbs bulge with bestial killing power. (Slay +2)
Your plain brown scales are hard. (AC +5)
You cannot fit into any form of body armour.
You are cold-blooded and may be slowed by cold attacks.


Message History

Ijyb closely misses you.
You hit Ijyb. Your punch misses Ijyb.
Ijyb is heavily wounded.
Ijyb completely misses you.
You closely miss Ijyb.
Ijyb is heavily wounded.
Ijyb hits you with a +4 club. The rat closely misses you.
You hit Ijyb but do no damage.
Ijyb is heavily wounded.
Ijyb closely misses you. The rat closely misses you.
You hit Ijyb but do no damage.
Ijyb is heavily wounded.
Ijyb hits you with a +4 club. The rat bites you but does no damage.
You hit Ijyb but do no damage.
Ijyb is heavily wounded.
Ijyb hits you with a +4 club. The rat barely misses you.
You hit Ijyb but do no damage.
Ijyb is heavily wounded.
Ijyb closely misses you. The rat bites you.
You hit Ijyb but do no damage. You tail-slap Ijyb.
Ijyb is heavily wounded.
Ijyb barely misses you. The rat bites you but does no damage.
You hit Ijyb but do no damage.
Ijyb is heavily wounded.
Ijyb hits you but does no damage.
You closely miss Ijyb.
Ijyb is heavily wounded.
The rat barely misses you.
Ijyb zaps a wand.
The bolt of acid hits you! The acid corrodes you!
You closely miss Ijyb. Your punch misses Ijyb.
Ijyb is heavily wounded.
The rat closely misses you.
You hit Ijyb but do no damage.
Ijyb is heavily wounded.
Ijyb hits you with a +4 club. The rat bites you.
You hit Ijyb but do no damage.
Ijyb is heavily wounded.
Ijyb zaps a wand.
The bolt of acid hits you!!
Ouch! That really hurt!
You die...

#####.#.#
###..÷##...........
#<....#.#
##..>.###.######.###
#######.###.......#.. #
#.........#.#..
#####.##..#.#.....# .#
...#.....##....##.#
#.#.#...#####.#....## ...
....#...##..........#
....######h..............#
.r.......gr.###..........#
....##...(...##.(........#
. #.......##..........#
#.......#...(.#.....#
#.<.....##.####.###.##
#.......##.##.......<.
#..........##.#.###.#†
######.#.#....#.###...


You could see Ijyb and a rat.

Vanquished Creatures
  A hound (D:3)
  An adder (D:3)
  4 gnolls (D:3)
  2 ribbon worms (D:2)
  8 bats
  9 endoplasms
  A giant cockroach (D:1)
  3 goblins
  7 hobgoblins
  3 kobolds
  3 quokkas
  4 ball pythons
  5 rats
51 creatures vanquished.

Notes
Turn   | Place    | Note
-------+----------+-------------------------------------------
     0 | D:1      | roflturtle the Draconian Shapeshifter began the quest for
                  | the Orb.
     0 | D:1      | Reached XP level 1. HP: 16/16 MP: 1/1
    94 | D:1      | Reached XP level 2. HP: 22/23 MP: 2/2
   654 | D:2      | Reached XP level 3. HP: 29/29 MP: 3/3
  1351 | D:3      | Reached skill level 4 in Shapeshifting
  1351 | D:3      | Reached XP level 4. HP: 29/36 MP: 4/4
  1524 | D:3      | Noticed Ijyb
  1534 | D:3      | Reached XP level 5. HP: 41/41 MP: 5/5
  1549 | D:3      | Killed from afar by Ijyb

Illustrated notes

Levels and vault maps discovered:
D:1:      shiori_shiawase, layout_rooms
D:2:      layout_basic, lightli_corner_chamber
D:3:      layout_basic, minmay_stone_trees_medium, kennysheep_another_room,
          serial_park_tiny_pond, uniq_ijyb

Skill      XL: |  1  2  3 |
---------------+----------+-----
Dodging        | 2 |  2.0
Fighting       | 2 |  2.0
Shapeshifting  | 4 |  4.9
Unarmed Combat | |  3.1

Action                     |  1- 3 |  4- 6 || total
---------------------------+-------+-------++-------
  Melee: Unarmed           |   101 |    39 ||   140
         Tailslap          |    11 |     7 ||    18
         Punch             |     1 |       ||     1
  Evoke: Wand              |       |     1 ||     1
   Stab: Sleeping          |     1 |       ||     1
         Distracted        |     1 |       ||     1
 Armour: Skin              |    54 |    22 ||    76
  Dodge: Dodged            |    56 |    33 ||    89

Table legend: (Time is in decaauts)
 A = Elapsed time spent in this place.
 B = Non-inter-level travel time spent in this place.
 C = Inter-level travel time spent in this place.
 D = Time resting spent in this place.
 E = Time spent auto-exploring this place.
 F = Levels seen in this place.
 G = Mean time per level.
                   A        B        C        D        E       F      G
               +--------+--------+--------+--------+--------+-----+--------+
         Total |   1545 |   1494 |     51 |     59 |   1070 |   3 |  515.0 |
       Dungeon |   1545 |   1494 |     51 |     59 |   1070 |   3 |  515.0 |
               +--------+--------+--------+--------+--------+-----+--------+

Top non-repeatable levels by time:
     D:2: 664 daAuts
     D:3: 447 daAuts
     D:1: 433 daAuts
